 Dungeon Crawl Stone Soup version 0.18.1-48-g4cf74bf (webtiles) character file.

91 Alarkh the Slasher (level 4, -3/33 HPs)
             Began as a Vampire Skald on July 17, 2016.
             Slain by an orc (4 damage)
             ... on level 2 of the Dungeon.
             The game lasted 00:02:02 (1469 turns).

Alarkh the Slasher (Vampire Skald)                  Turns: 1469, Time: 00:02:03

Health: -3/33      AC:  3    Str: 11    XL:     4   Next: 33%
Magic:  4/7        EV: 11    Int: 15    God:
Gold:   53         SH:  0    Dex: 16    Spells: 3 memorised, 1 level left

rFire  . . .     SeeInvis +     a - +0 falchion
rCold  . . .     Gourm    .     b - +0 leather armour
rNeg   . . .     Faith    .     (no shield)
rPois  .         Spirit   .     (no helmet)
rElec  .         Dismiss  .     (no cloak)
rCorr  .         Reflect  .     (no gloves)
SustAt .         Harm     .     (no boots)
MR     .....                    (no amulet)
Stlth  +++.......               n - +3 ring of dexterity
                                j - ring of wizardry

@: regenerating quickly, not resistant to hostile enchantments, fairly stealthy
A: fangs 3, see invisible, unbreathing
a: no special abilities


You were on level 2 of the Dungeon.
You were very full.

You visited 1 branch of the dungeon, and saw 3 of its levels.

You collected 53 gold pieces.

Inventory:

Hand Weapons
 a - a +0 falchion (weapon)
Armour
 b - a +0 leather armour (worn)
Jewellery
 j - a ring of wizardry (left hand)
 n - a +3 ring of dexterity (right hand)
Scrolls
 e - a scroll of remove curse
 g - a scroll of enchant weapon {unknown}
 h - 3 scrolls of teleportation {unknown}
 k - a scroll of identify
 l - 2 scrolls of noise {unknown}
Potions
 d - a potion of blood
 f - a potion of flight
 i - a potion of lignification
 m - a potion of agility {unknown}
 o - a potion of brilliance {unknown}
Books
 c - a book of Battle

   Spells                             Type                      Level
   a - Infusion                       Charms                       1
   b - Shroud of Golubria             Charms/Translocation         2
   c - Song of Slaying                Charms                       2
   d - Spectral Weapon                Hexes/Charms                 3
   e - Regeneration                   Charms/Necromancy            3


   Skills:
 - Level 1.7 Fighting
 * Level 3.9 Long Blades
 - Level 0.7 Armour
 - Level 1.1 Dodging
 + Level 3.5 Stealth
 - Level 2.0 Spellcasting
 - Level 3.2 Charms


You had one spell level left.
You knew the following spells:

 Your Spells              Type           Power        Failure   Level  Hunger
a - Infusion              Chrm           ##..         4%          1    #......
b - Shroud of Golubria    Chrm/Tloc      #.........   10%         2    ###....
c - Regeneration          Chrm/Necr      #.........   21%         3    ###....


Dungeon Overview and Level Annotations

Branches:
Dungeon (3/15)

Altars:
Ashenzari
Sif Muna


Innate Abilities, Weirdness & Mutations

Your natural rate of healing is unusually fast.
You have razor-sharp teeth.
You have supernaturally acute eyesight.
You can survive without breathing.


Message History

You hit the orc wizard.
You kill the orc wizard!
You have reached level 4!
The orc closely misses you.
You hit the orc but do no damage.
You are no longer magically infusing your attacks.
The orc hits you with a hand axe!
* * * LOW HITPOINT WARNING * * *
You hit the orc.
You kill the orc!
You barely miss the orc. The orc barely misses you.
You closely miss the orc. The orc barely misses you.
You hit the orc but do no damage. The orc barely misses you.
You barely miss the orc. The orc hits you.
* * * LOW HITPOINT WARNING * * *
You hit the orc but do no damage. The orc barely misses you.
You hit the orc.
The orc is heavily wounded.
The orc hits you.
You die...

#..............#.
#..............#⌠
#...............#
#................
##.............#.
##.>.......(.### ###....###### #
#####.....## # #####.@o...#.##
###########.....###....#
#.......#...#######...## #####
#...........# #....# ##....
#...........# #....######..###
#.........<.######...........##
#................#.....##########
#................................
#...<....>...)........#.....#####


You could see an orc.

Vanquished Creatures
  An orc wizard (D:2)
  An adder (D:2)
  An ooze (D:1)
  4 giant geckos
  3 orcs
  3 ball pythons
  A giant cockroach (D:1)
  5 hobgoblins
  2 jackals (D:1)
  A quokka (D:2)
  3 bats
  4 giant newts
  5 goblins (D:1)
  4 kobolds
  6 rats (D:1)
44 creatures vanquished.

Notes
Turn   | Place    | Note
--------------------------------------------------------------
     0 | D:1      | Alarkh the Vampire Skald began the quest for the Orb.
     0 | D:1      | Reached XP level 1. HP: 16/16 MP: 3/3
    98 | D:1      | Reached skill level 1 in Stealth
   225 | D:1      | Reached XP level 2. HP: 19/22 MP: 0/5
   740 | D:1      | Reached XP level 3. HP: 20/27 MP: 3/6
  1102 | D:2      | Found a deep blue altar of Sif Muna.
  1186 | D:2      | Learned a level 2 spell: Shroud of Golubria
  1190 | D:2      | Learned a level 3 spell: Regeneration
  1273 | D:2      | Found a shattered altar of Ashenzari.
  1461 | D:2      | Reached XP level 4. HP: 8/33 MP: 3/7
  1462 | D:2      | HP: 1/33 [orc/hand axe (7)]
  1467 | D:2      | HP: 1/33 [orc (2)]
  1469 | D:2      | Slain by an orc

Skill      XL: |  1  2  3 |
---------------+----------+-----
Stealth        | 1 2 3 |  3.5
Long Blades    | 3 |  3.9
Fighting       | |  1.7
Armour         | |  0.7
Dodging        | |  1.1
Spellcasting   | |  2.0
Charms         | |  3.2

Action                   |  1- 3 |  4- 6 || total
-------------------------+-------+-------++-------
Melee: Falchion          |   123 |     8 ||   131
       Bite              |    10 |       ||    10
 Cast: Infusion          |     6 |       ||     6
  Use: Potion            |     9 |       ||     9
       Scroll            |     3 |       ||     3
 Stab: Sleeping          |    14 |       ||    14
Armor: Leather armour    |    23 |       ||    23
Dodge: Dodged            |    66 |     5 ||    71
